AoeStats
← VLC | DafeKhan

Arena

508730447Analyzed
1v1 RM · 9d ago on Sep 23, 2026· 37m 20s· 2 players
Game mode
Random Map
Map size
Tiny (2 player)
Population
200
Speed
Normal
Resources
Standard
Victory
Conquest
Starting age
Dark Age
Ending age
Imperial Age
RankedLock teamsTeams togetherTeam positionsShared explorationLock speedFull tech treeHidden civsTurbo modeCheats
Victory
Defeat
🇦🇷 Vikings · Argentina
1598
+16
🇨🇴 Bulgarians · Colombia
1598
-16
PNAL | TuT.
9:36 Feudal Age
11:18 Loom
13:58 Castle Age
14:41 Double-Bit Axe
18:44 Horse Collar
27:17 Imperial Age
25:37 Squires
25:50 Forging
26:43 Scale Mail Armor
27:53 Bow Saw
29:14 Elite Varangian Guard
30:19 Capped Ram
31:23 Town Watch
33:06 Chain Mail Armor
34:42 Fletching
37:07 Plate Mail Armor
37:19 Conscription
37:21 Arson
VLC | DafeKhan
11:10 Feudal Age
14:54 Castle Age
12:47 Double-Bit Axe
13:48 Horse Collar
17:39 Light Cavalry
24:21 Forging
28:10 Heavy Plow
28:49 Wheelbarrow
32:23 Imperial Age
30:23 Fletching
31:06 Scale Barding Armor
30:59 Loom
31:34 Hand Cart
31:05 Town Watch
32:29 Chain Barding Armor
33:01 Iron Casting
33:50 Plate Barding Armor
33:27 Bloodlines
32:41 Cavalier
Connection lost

Rejoining the realm…

Still unreachable

The connection could not be restored.

Session expired

The server has moved on; the page needs a fresh start.